 Dungeon Crawl Stone Soup version 0.31-a0-845-g9abc20d24f (webtiles) character file.

Game seed: 10938779696012462012

2 Dirtsage the Trooper (level 1, -2/25 (27) HPs)
             Began as a Demonspawn Berserker on Oct 1, 2023.
             Was a Follower of Trog.
             Slain by a hobgoblin (4 damage)
             ... on level 1 of the Dungeon.
             The game lasted 00:00:08 (121 turns).

Dirtsage the Trooper (Demonspawn Berserker)          Turns: 121, Time: 00:00:09

HP:   -2/25 (27)    AC:  2    Str: 17    XL:     1   Next: 25%
MP:   1/1           EV: 12    Int:  8    God:    Trog [*.....]
Gold: 13            SH:  0    Dex: 12    Spells: 0/0 levels left

rFire   . . .        a - +0 hand axe
rCold   . . .        (no shield)
rNeg    . . .        b - +0 animal skin
rPois   .            (no helmet)
rElec   .            (no cloak)
rCorr   .            (no gloves)
SInv    .            (no boots)
Will    .....        (no amulet) Stlth
                     (no ring)
HPRegen 0.24/turn    (no ring)
MPRegen 0.07/turn

%: no passive effects
@: berserking, drained, very quick
A: no striking features
a: Renounce Religion, Berserk


You were on level 1 of the Dungeon.
You worshipped Trog.
Trog was aware of your devotion.
You visited 1 branch of the dungeon, and saw 1 of its levels.

You collected 13 gold pieces.

Inventory:

Hand Weapons
 a - a +0 hand axe (weapon)
Armour
 b - a +0 animal skin (worn)


   Skills:
 - Level 3.0 Fighting
 + Level 2.8 Axes
 - Level 1.7 Armour
 - Level 1.7 Dodging


You couldn't memorise any spells.
You didn't know any spells.
Your spell library was empty.

Dungeon Overview and Level Annotations

Branches:
Dungeon (1/15)

Altars:


Message History

You take 7 damage, and have 7/18 hp.
MASSIVE DAMAGE!!
You are too injured to fight recklessly!
You are too injured to fight recklessly!
You are too injured to fight recklessly!
You are too injured to fight recklessly!
You are too injured to fight recklessly!
You are too injured to fight recklessly!
You are too injured to fight recklessly!
You are too injured to fight recklessly!
A red film seems to cover your vision as you go berserk!
You feel yourself moving faster!
You feel mighty! The goblin hits you but does no damage.
The kobold hits you with a +0 club. The hobgoblin closely misses you.
You now have 9/27 hp.
You hit the kobold.
You kill the kobold!
Trog accepts your kill.
You closely miss the kobold. You hit the goblin. You slash the hobgoblin!
You kill the hobgoblin!
Trog accepts your kill. The goblin hits you with a +0 dagger.
* * * LOW HITPOINT WARNING * * *
The kobold barely misses you. The hobgoblin hits you.
* * * LOW HITPOINT WARNING * * *
The goblin misses you. The endoplasm hits you.
* * * LOW HITPOINT WARNING * * *
You see here a +0 club.
You take 4 damage, and have 5/27 hp.
You slash the endoplasm!
You kill the endoplasm!
Trog accepts your kill.
You barely miss the hobgoblin. You closely miss the goblin.
You barely miss the kobold. You hit the goblin.
You kill the goblin!
Trog accepts your kill. The goblin barely misses you.
The kobold hits you with a +0 short sword of draining.
* * * LOW HITPOINT WARNING * * *
You feel drained. The hobgoblin hits you.
You die...

≈≈≈≈≈≈#≈≈≈≈≈≈#######§§≈≈
...≈≈≈≈≈≈≈≈≈≈≈≈.P.§§§≈§≈
......≈≈≈≈≈≈≈≈≈...§≈≈§≈§
##..........≈≈≈.P.≈≈§§.§
#####..................
######P..........#
######.#######
#..K...... #†@)......
#g.g...... #..........
##......... ..........
.#......... #.....###.#
.###.. ..


You could see a hobgoblin, a goblin and a kobold.

Vanquished Creatures
  An endoplasm (D:1)
  A goblin (D:1)
  A hobgoblin (D:1)
  A kobold (D:1)
4 creatures vanquished.

Notes
Turn   | Place    | Note
-------+----------+-------------------------------------------
     0 | D:1      | Dirtsage the Demonspawn Berserker began the quest for the
                  | Orb.
     0 | D:1      | Reached XP level 1. HP: 18/18 MP: 1/1
   121 | D:1      | Slain by a hobgoblin

Illustrated notes

Levels and vault maps discovered:
D:1:      dpeg_arrival_water_fire, layout_loops_ring, minivault_24,
          minmay_pentomino_p2

Action                     || total
---------------------------++-------
  Melee: Hand axe          ||     7
 Invoke: Berserk           ||     1
 Armour: Animal skin       ||    14
  Dodge: Dodged            ||    15

Table legend: (Time is in decaauts)
 A = Elapsed time spent in this place.
 B = Non-inter-level travel time spent in this place.
 C = Inter-level travel time spent in this place.
 D = Time resting spent in this place.
 E = Time spent auto-exploring this place.
 F = Levels seen in this place.
 G = Mean time per level.
                   A        B        C        D        E       F      G
               +--------+--------+--------+--------+--------+-----+--------+
         Total |    121 |    121 |      0 |      0 |    110 |   1 |  121.0 |
       Dungeon |    121 |    121 |      0 |      0 |    110 |   1 |  121.0 |
               +--------+--------+--------+--------+--------+-----+--------+

Top non-repeatable levels by time:
     D:1: 121 daAuts
